 Dungeon Crawl Stone Soup version 0.18.1-48-g4cf74bf (webtiles) character file.

188 Gargoyl the Skirmisher (level 5, -3/42 HPs)
             Began as a Demonspawn Abyssal Knight on Aug 10, 2016.
             Was a Believer of Lugonu.
             Slain by an orc priest
             ... wielding a +0 mace
              (5 damage)
             ... on level 3 of the Dungeon.
             The game lasted 00:04:59 (3071 turns).

Gargoyl the Skirmisher (Demonspawn Abyssal Knight)  Turns: 3071, Time: 00:05:00

Health: -3/42      AC:  9    Str: 13    XL:     5   Next: 39%
Magic:  6/6        EV: 12    Int: 18    God:    Lugonu [**....]
Gold:   181        SH:  0    Dex: 13    Spells: 0 memorised, 4 levels left

rFire  . . .     SeeInvis .     a - +1 hand axe
rCold  . . .     Gourm    .     p - +0 scale mail
rNeg   . . .     Faith    .     (no shield)
rPois  .         Spirit   .     (helmet restricted)
rElec  .         Dismiss  .     t - +0 cloak
rCorr  .         Reflect  .     d - +0 pair of gloves
SustAt .         Harm     .     (no boots)
MR     .....                    (no amulet)
Stlth  ..........               (no ring)
                                l - +3 ring of evasion

@: brilliant, flying, not resistant to hostile enchantments, extremely
unstealthy
A: antennae 1, claws 1, hooves 1, demonic guardian 1
a: Depart the Abyss, Bend Space, Renounce Religion


You were on level 3 of the Dungeon.
You worshipped Lugonu.
Lugonu was pleased with you.
You were not hungry.

You visited 1 branch of the dungeon, and saw 3 of its levels.
You visited the Abyss 1 time.

You collected 181 gold pieces.

Inventory:

Hand Weapons
 a - a +1 hand axe (weapon)
Armour
 d - a +0 pair of gloves (worn)
 p - a +0 scale mail (worn)
 t - a +0 cloak (worn)
Jewellery
 l - a +3 ring of evasion (left hand)
Scrolls
 e - a scroll of noise {unknown}
 g - 2 scrolls of remove curse {unknown}
 h - a scroll of identify {unknown}
 i - 3 scrolls of teleportation {unknown}
 n - a scroll of fog {unknown}
 o - a scroll of blinking {unknown}
 q - 2 scrolls of enchant armour {unknown}
 s - a scroll of amnesia {unknown}
Comestibles
 c - 3 bread rations
 f - 3 meat rations
 r - a chunk of flesh


   Skills:
 + Level 3.8 Fighting
 + Level 2.5 Axes
 * Level 3.6 Armour
 + Level 2.0 Dodging
 + Level 0.4 Stealth
 + Level 2.5 Invocations


You had 4 spell levels left.
You didn't know any spells.

Dungeon Overview and Level Annotations

Branches:
Dungeon (3/15)

Altars:
Ashenzari
Cheibriados
Qazlal
Sif Muna
The Shining One


Innate Abilities, Weirdness & Mutations

You have a pair of small antennae on your head.
You have sharp fingernails.
You have large cloven feet.
A weak demonic guardian rushes to your aid.


Message History

* * * LOW HITPOINT WARNING * * *
Something hits you but does no damage. x2
Drink which item? (? for menu, Esc to quit)
It was a potion of flight.
You feel very buoyant.
You fly up into the air.
Something completely misses you.
The orc priest hits you but does no damage.
Something hits you but does no damage.
You closely miss the orc priest. Your kick misses the orc priest.
The orc priest is almost dead.
You closely miss something. x2; Something hits you but does no damage.
The orc priest hits you but does no damage.
Something hits you.
* * * LOW HITPOINT WARNING * * *
Something hits you but does no damage.
You barely miss the orc priest.
The orc priest is almost dead.
You miss something. You closely miss something.
The orc priest hits you with a mace.
You die...

# #. #....#.( #. #.
#.######.. #.### ##
.......... ### #.#.. .#
...####... ..<#.#.##.##
#........ # #.#.......#
######... ...#.....?.#.#
.........
......!{{.%..##.#######.#
.......)@.......# #...#
.......#o...#########.###
.......#.......##........
.......#...###.##[....###
.......##### #.#########
....... #.........#
......# #########.#
...... ...####.#
#.##...##


You could see an orc priest.

Vanquished Creatures
  Crazy Yiuf (D:3)
  Natasha (D:3)
  4 adders (D:2)
  3 oozes
  3 worms (D:2)
  3 dart slugs
  A giant gecko (D:3)
  2 orcs (D:3)
  A giant cockroach (D:3)
  4 goblins
  8 hobgoblins
  4 jackals (D:1)
  12 kobolds
  A quokka (D:3)
  4 bats
  5 giant newts
  7 rats
64 creatures vanquished.

Vanquished Creatures (collateral kills)
  Ijyb (D:3)
  A kobold (D:3)
2 creatures vanquished.

Vanquished Creatures (others)
  A giant cockroach (D:3)
1 creature vanquished.

Grand Total: 67 creatures vanquished

Notes
Turn   | Place    | Note
--------------------------------------------------------------
     0 | Abyss:1  | Gargoyl the Demonspawn Abyssal Knight began the quest for the Orb.
     0 | Abyss:1  | Reached XP level 1. HP: 18/18 MP: 2/2
    27 | Abyss:1  | Found a corrupted altar of Lugonu.
   159 | Abyss:1  | Noticed a large abomination
   175 | D:1      | Escaped the Abyss
   462 | D:1      | Gained mutation: You have sharp fingernails. [demonic ancestry]
   462 | D:1      | Reached XP level 2. HP: 22/24 MP: 3/3
   550 | D:1      | Reached * piety under Lugonu
   623 | D:1      | Reached skill level 1 in Dodging
   931 | D:1      | Gained mutation: You have large cloven feet. [demonic ancestry]
   931 | D:1      | Reached XP level 3. HP: 24/29 MP: 4/4
  1709 | D:2      | Gained mutation: A weak demonic guardian rushes to your aid. [demonic ancestry]
  1709 | D:2      | Reached XP level 4. HP: 34/36 MP: 5/5
  1732 | D:2      | Reached ** piety under Lugonu
  2183 | D:2      | Found a deep blue altar of Sif Muna.
  2185 | D:2      | Found a glowing golden altar of the Shining One.
  2185 | D:2      | Found a snail-covered altar of Cheibriados.
  2186 | D:2      | Found a stormy altar of Qazlal.
  2186 | D:2      | Found a shattered altar of Ashenzari.
  2682 | D:3      | Noticed Crazy Yiuf
  2692 | D:3      | Killed Crazy Yiuf
  2692 | D:3      | Gained mutation: You have a pair of small antennae on your head. [demonic ancestry]
  2692 | D:3      | Reached XP level 5. HP: 18/42 MP: 6/6
  2874 | D:3      | Noticed Ijyb
  2875 | D:3      | Noticed Natasha
  2896 | D:3      | Killed Ijyb
  2911 | D:3      | Killed Natasha
  3068 | D:3      | HP: 2/42 [orc priest/mace (2)]
  3071 | D:3      | Slain by an orc priest

Skill      XL: |  1  2  3  4  5 |
---------------+----------------+-----
Axes           | 2 |  2.5
Dodging        | 1 2 |  2.0
Armour         | 2 3 |  3.6
Fighting       | |  3.8
Stealth        | |  0.4
Invocations    | |  2.5

Action                   |  1- 3 |  4- 6 || total
-------------------------+-------+-------++-------
Melee: Hand axe          |   121 |   127 ||   248
       Kick              |    18 |    31 ||    49
       Unarmed           |       |     1 ||     1
Invok: Depart the Abyss  |     1 |       ||     1
  Use: Potion            |       |     6 ||     6
  Eat: Chunk             |     3 |     3 ||     6
       Fruit             |       |     2 ||     2
Armor: Leather armour    |    24 |       ||    24
       Scale mail        |     7 |    69 ||    76
Dodge: Dodged            |    94 |    99 ||   193
